 Dungeon Crawl Stone Soup version 0.19-a0-683-g5f2401d (webtiles) character file.

205 Krapule the Poker (level 5, 0/41 HPs)
             Began as a Merfolk Skald on June 17, 2016.
             Was an Initiate of Hepliaklqana.
             Killed from afar by Amnesiac's ghost (8 damage)
             ... with a magic dart
             ... on level 4 of the Dungeon.
             The game lasted 00:08:05 (2678 turns).

Krapule the Poker (Merfolk Skald)                   Turns: 2678, Time: 00:08:06

Health: 0/41       AC:  5    Str: 12    XL:     5   Next: 83%
Magic:  9/9        EV: 13    Int: 12    God:    Hepliaklqana [......]
Gold:   99         SH:  0    Dex: 14    Spells: 1 memorised, 8 levels left

rFire  . . .     SeeInvis .     a - +1 spear
rCold  . . .     Gourm    .     b - +0 leather armour
rNeg   + . .     Faith    .     (no shield)
rPois  .         Spirit   .     (no helmet)
rElec  .         Dismiss  .     p - +0 cloak
rCorr  .         Reflect  .     (no gloves)
SustAt .         Harm     .     s - +0 pair of boots (curse)
MR     .....                    (no amulet)
Stlth  +.........               r - ring of positive energy
                                e - ring of wizardry

@: confused, not resistant to hostile enchantments, very unstealthy
A: change form in water, swift swim
a: Recall Ancestor, Ancestor Identity, Renounce Religion


You were on level 4 of the Dungeon.
You worshipped Hepliaklqana.
Hepliaklqana was noncommittal.
You were not hungry.

You visited 1 branch of the dungeon, and saw 4 of its levels.

You collected 99 gold pieces.

Inventory:

Hand Weapons
 a - a +1 spear (weapon)
Armour
 b - a +0 leather armour (worn)
 p - a +0 cloak (worn)
 s - a cursed +0 pair of boots (worn)
Jewellery
 e - a ring of wizardry (left hand)
 r - a ring of positive energy (right hand)
Scrolls
 t - a scroll of identify
Potions
 h - 2 potions of heal wounds
 i - a potion of agility
 k - a potion of might
 l - a potion of cancellation {unknown}
 n - a potion of invisibility {unknown}
 o - a potion of lignification {unknown}
 q - a potion of magic
Books
 c - a book of Battle

   Spells                             Type                      Level
   a - Infusion                       Charms                       1
   b - Shroud of Golubria             Charms/Translocation         2
   c - Song of Slaying                Charms                       2
   d - Spectral Weapon                Hexes/Charms                 3
   e - Regeneration                   Charms/Necromancy            3
Comestibles
 d - a bread ration
 f - 3 fruits
 j - 2 meat rations
 m - 2 beef jerkies
 u - a chunk of flesh


   Skills:
 - Level 3.0 Fighting
 + Level 4.6 Polearms
 - Level 1.0 Armour
 + Level 2.9 Dodging
 + Level 2.7 Spellcasting
 + Level 4.4 Charms
 + Level 1.3 Invocations


You had 8 spell levels left.
You knew the following spells:

 Your Spells              Type           Power        Failure   Level  Hunger
a - Infusion              Chrm           ##..         2%          1    #......


Dungeon Overview and Level Annotations

Branches:
Dungeon (4/15)
 Temple: D:4-7

Altars:
Fedhas
Hepliaklqana
Kikubaaqudgha
The Shining One

Annotations:
D:4 Amnesiac's ghost, amateur DEWz; Robin


Message History

The goblin no longer looks unusually strong.
Robin throws the goblin at you!
* * * LOW HITPOINT WARNING * * *
Amnesiac's ghost gestures at you while chanting.
The magic dart hits you!
* * * LOW HITPOINT WARNING * * *
The goblin closely misses you.
Found 8 gold pieces.
An adder comes into view.
The goblin hits you but does no damage.
Okay, then.
You are confused.
You feel invigorated.
Amnesiac's ghost gestures at you while chanting.
The magic dart hits you!
* * * LOW HITPOINT WARNING * * *
The goblin closely misses you. The hobgoblin barely misses you.
Amnesiac's ghost points at you and mumbles some strange words.
The magic dart hits you!
You die...

#..# #...# #... ## ...
..$# #.<. ..##.#### ...#
#... #......# ...#### .
.....
#......#######.....#..
..##...
#.......g(†.g............
..#.
#....<..g####gg.........
#.. .
#......#.###...........
... .
####...#g##...@...<..#
.### .
###....#..$......##
###......S..W..#
...............
.............#.
..#..........#
...##.........#
#..........


You could see Amnesiac's ghost, an adder, a hobgoblin and 2 goblins.

Vanquished Creatures
  Natasha (twice) (D:2)
  2 adders (D:2)
  An ooze (D:3)
  4 dart slugs
  7 bats
  A giant cockroach (D:2)
  12 goblins
  8 hobgoblins
  3 jackals (D:2)
  6 kobolds
  A quokka (D:4)
  2 giant newts (D:3)
  3 rats
52 creatures vanquished.

Vanquished Creatures (collateral kills)
  A giant frog skeleton (D:4)
  A worker ant (D:4)
  An adder (D:4)
  An ooze (D:3)
  A giant cockroach (D:3)
  2 goblins
  A hobgoblin (D:3)
  A jackal (D:2)
  2 kobolds (D:3)
11 creatures vanquished.

Vanquished Creatures (others)
  A human (D:3)
  An ancestor (D:4)
2 creatures vanquished.

Grand Total: 65 creatures vanquished

Notes
Turn   | Place    | Note
--------------------------------------------------------------
     0 | D:1      | Krapule the Merfolk Skald began the quest for the Orb.
     0 | D:1      | Reached XP level 1. HP: 16/16 MP: 3/3
   103 | D:1      | Reached XP level 2. HP: 23/23 MP: 5/5
   544 | D:1      | Reached XP level 3. HP: 28/28 MP: 6/6
   809 | D:2      | Found a blossoming altar of Fedhas.
   890 | D:2      | Found a glowing golden altar of the Shining One.
  1604 | D:2      | Found a hazy altar of Hepliaklqana.
  1607 | D:2      | Noticed Natasha
  1610 | D:2      | Became a worshipper of Hepliaklqana
  1616 | D:2      | Killed Natasha
  1616 | D:2      | Reached XP level 4. HP: 26/34 MP: 7/7
  1805 | D:2      | Noticed Natasha
  1815 | D:2      | Killed Natasha
  1815 | D:2      | Reached skill level 1 in Armour
  2030 | D:3      | Reached XP level 5. HP: 36/41 MP: 8/8
  2293 | D:3      | Found an ancient bone altar of Kikubaaqudgha.
  2295 | D:3      | Noticed a human
  2296 | D:3      | Killed a human
  2547 | D:4      | Noticed Amnesiac's ghost (amateur DEWz)
  2591 | D:4      | Reached skill level 1 in Invocations
  2644 | D:4      | Noticed Robin
  2678 | D:4      | Killed from afar by Amnesiac's ghost

Vault maps used:
D:1:      minmay_arrival_hallway, minmay_misc_feat_secret_circle
D:2:      nicolae_tso_carved_into_rock, marbit_many_paths, old_standard_altar,
          uniq_natasha
D:3:      nicolae_overflow_hidden_temple, tgw_kikubaaqudgha
D:4:      lemuel_blue_sif_altar, dancing_weapons_uskayaw, first_bread,
          minmay_vboxes, uniq_robin

Skill      XL: |  1  2  3  4  5 |
---------------+----------------+-----
Dodging        | 2 |  2.9
Charms         | 4 |  4.4
Fighting       | 3 |  3.0
Polearms       | 4 |  4.6
Armour         | 1 |  1.0
Invocations    | 1 |  1.3
Spellcasting   | |  2.7

Action                   |  1- 3 |  4- 6 || total
-------------------------+-------+-------++-------
Melee: Spear             |   136 |   109 ||   245
  Use: Scroll            |     6 |     2 ||     8
       Potion            |       |     1 ||     1
 Stab: Sleeping          |     1 |     3 ||     4
  Eat: Chunk             |     2 |     4 ||     6
Armor: Leather armour    |    36 |    23 ||    59
Dodge: Dodged            |    61 |    62 ||   123
